 Dungeon Crawl Stone Soup version 0.31-a0-859-g9dce7d3444 (webtiles) character file.

Game seed: 17418187154378316492

41 dualclasshuman the Chopper (level 3, 0/34 HPs)
             Began as a Hill Orc Monk on Oct 9, 2023.
             Slain by a gnoll
             ... wielding a +0 halberd
              (9 damage)
             ... on level 2 of the Dungeon.
             The game lasted 00:01:52 (808 turns).

dualclasshuman the Chopper (Hill Orc Monk)           Turns: 808, Time: 00:01:54

Health: 0/34       AC:  2    Str: 15    XL:     3   Next: 52%
Magic:  3/3        EV: 12    Int: 10    God:
Gold:   64         SH:  0    Dex: 13    Spells: 2/2 levels left

rFire   . . .        a - +0 hand axe
rCold   . . .        d - orb {light}
rNeg    . . .        b - +0 robe
rPois   .            (no helmet)
rElec   .            (no cloak)
rCorr   .            (no gloves)
SInv    .            (no boots)
Will    .....        k - amulet of magic regeneration
Stlth   +            (no ring)
HPRegen 0.25/turn    (no ring)
MPRegen 0.48/turn

%: no passive effects
@: glowing
A: no striking features
a: no special abilities


You were on level 2 of the Dungeon.
You visited 1 branch of the dungeon, and saw 2 of its levels.

You collected 64 gold pieces.

Inventory:

Hand Weapons
 a - a +0 hand axe (weapon)
Armour
 b - a +0 robe (worn)
 d - an orb of light (worn)
Jewellery
 k - an amulet of magic regeneration (around neck)
Wands
 o - a wand of paralysis (7)
Scrolls
 e - a scroll of revelation {unknown}
 g - a scroll of identify {unknown}
 h - a scroll of brand weapon {unknown}
 i - 3 scrolls of teleportation {unknown}
 j - a scroll of poison {unknown}
 n - a scroll of noise {unknown}
Potions
 c - a potion of ambrosia
 f - a potion of haste {unknown}
 l - a potion of enlightenment {unknown}
 m - a potion of berserk rage {unknown}


   Skills:
 * Level 4.5 Fighting
 + Level 4.6 Axes
 + Level 2.7 Dodging


You had 2 spell levels left.
You didn't know any spells.
Your spell library contained the following spells:

 Spells                   Type           Power      Damage    Failure   Level
 Dazzling Flash           Conj/Hex       0%         N/A       75%         3
 Volatile Blastmotes      Fire/Tloc      0%         2d10      75%         3
 Starburst                Conj/Fire      0%         6d3       100%        6
 Maxwell's Capacitive Co  Air            0%         ∞         100%        8


Dungeon Overview and Level Annotations

Branches:
Dungeon (2/15)

Altars:

Shops:
D:1 [


Message History

The gnoll hits you with a +0 spear.
A gnoll comes into view. It is wielding a +0 halberd.
You barely miss the gnoll. You hit the goblin.
You kill the goblin!
The gnoll barely misses you.
You hit the gnoll but do no damage. The gnoll barely misses you.
You hit the gnoll.
The gnoll is heavily wounded.
The gnoll closely misses you.
The gnoll hits you from afar with a +0 halberd.
You hit the gnoll.
The gnoll is almost dead.
You hit the goblin.
You kill the goblin!
The gnoll closely misses you.
You hit the gnoll.
You kill the gnoll!
You hit the adder. The adder completely misses you.
The gnoll hits you from afar with a +0 halberd.
The adder closely misses you. The gnoll barely misses you. The adder bites you.
You hit the gnoll.
The gnoll is moderately wounded.
You closely miss the adder. The adder bites you. The gnoll misses you.
You hit the gnoll but do no damage.
The gnoll is moderately wounded.
You hit the adder but do no damage. The adder bites you but does no damage.
The gnoll barely misses you. The adder bites you.
You hit the gnoll.
The gnoll is severely wounded.
You hit the adder but do no damage.
A gnoll comes into view. It is wielding a +2 spear of venom.
The gnoll completely misses you. The adder bites you but does no damage.
You hit the gnoll.
The gnoll is almost dead.
You hit the adder but do no damage. The adder bites you.
The gnoll hits you with a +0 halberd!
* * * LOW HITPOINT WARNING * * *
The gnoll hits you with a +0 halberd!
You die...

#.....###
.........###........ ..#
..........##......# #..
.................#
.....?....##.....#
..........##.....# ##
..........##.....# ####.
.......S).##.....###....
......g@....###......###
..#..g..###.....######
##.#### ##?.#.... #
#.###### #.# ..# . ##


You could see 2 gnolls and an adder.

Vanquished Creatures
  A gnoll (D:2)
  2 dart slugs (D:1)
  4 bats (D:1)
  An endoplasm (D:1)
  2 giant cockroaches (D:1)
  3 goblins
  A hobgoblin (D:1)
  2 jackals (D:1)
  2 quokkas
  2 ball pythons
  2 frilled lizards (D:1)
  A kobold (D:1)
  2 rats (D:1)
25 creatures vanquished.

Notes
Turn   | Place    | Note
-------+----------+-------------------------------------------
     0 | D:1      | dualclasshuman the Hill Orc Monk began the quest for the
                  | Orb.
     0 | D:1      | Reached XP level 1. HP: 19/19 MP: 1/1
   110 | D:1      | Found Hoheomoi's Armour Shop.
   222 | D:1      | Reached XP level 2. HP: 27/27 MP: 2/2
   501 | D:1      | Reached XP level 3. HP: 33/34 MP: 3/3
   808 | D:2      | Slain by a gnoll

Illustrated notes

Levels and vault maps discovered:
D:1:      mainiacjoe_arrival_reflecting_pool, layout_loops_ring, serial_shops,
          nicolae_shop_pleasant_corner_grove
D:2:      layout_rooms, uniq_robin

Skill      XL: |  1  2 |
---------------+-------+-----
Fighting       | 4 |  4.5
Axes           | |  4.6
Dodging        | |  2.7

Action                     || total
---------------------------++-------
  Melee: Hand axe          ||    64
 Armour: Robe              ||    49
  Dodge: Dodged            ||    59

Table legend: (Time is in decaauts)
 A = Elapsed time spent in this place.
 B = Non-inter-level travel time spent in this place.
 C = Inter-level travel time spent in this place.
 D = Time resting spent in this place.
 E = Time spent auto-exploring this place.
 F = Levels seen in this place.
 G = Mean time per level.
                   A        B        C        D        E       F      G
               +--------+--------+--------+--------+--------+-----+--------+
         Total |    812 |    798 |     14 |      0 |    621 |   2 |  406.0 |
       Dungeon |    812 |    798 |     14 |      0 |    621 |   2 |  406.0 |
               +--------+--------+--------+--------+--------+-----+--------+

Top non-repeatable levels by time:
     D:1: 747 daAuts
     D:2: 64 daAuts
